 Dungeon Crawl Stone Soup version 0.30.0-29-ga12c61a403 (webtiles) character file.

Game seed: 4255251152247819811

49 seaoflcl the Trooper (level 4, -1/36 HPs)
             Began as a Human Fighter on June 4, 2023.
             Slain by a worm (7 damage)
             ... on level 2 of the Dungeon.
             The game lasted 00:03:51 (1698 turns).

seaoflcl the Trooper (Human Fighter)                Turns: 1698, Time: 00:03:51

Health: -1/36      AC:  9    Str: 18    XL:     4   Next: 1%
Magic:  4/4        EV:  9    Int:  9    God:
Gold:   107        SH:  4    Dex: 12    Spells: 3/3 levels left

rFire   . . .        a - +0 long sword
rCold   . . .        c - +0 buckler
rNeg    . . .        b - +0 scale mail
rPois   .            (no helmet)
rElec   .            k - +0 cloak
rCorr   .            g - +0 pair of gloves
SInv    .            (no boots)
Will    .....        (no amulet) Stlth
                     (no ring)
HPRegen 0.26/turn    (no ring)
MPRegen 0.09/turn

%: no passive effects
@: no status effects
A: no striking features
a: no special abilities


You were on level 2 of the Dungeon.
You visited 1 branch of the dungeon, and saw 2 of its levels.

You collected 107 gold pieces.

Inventory:

Hand Weapons
 a - a +0 long sword (weapon)
Armour
 b - a +0 scale mail (worn)
 c - a +0 buckler (worn)
 e - a +0 leather armour of poison resistance
 g - a +0 pair of gloves (worn)
 k - a +0 cloak (worn)
Scrolls
 f - a scroll of vulnerability {unknown}
 h - a scroll of fear {unknown}
 i - 5 scrolls of teleportation {unknown}
 j - 2 scrolls of identify {unknown}
 m - a scroll of immolation {unknown}
Potions
 d - 2 potions of might
 l - 2 potions of cancellation {unknown}


   Skills:
 + Level 3.6 Fighting
 + Level 2.7 Long Blades
 + Level 3.2 Armour
 + Level 3.2 Shields


You had 3 spell levels left.
You didn't know any spells.
Your spell library contained the following spells:

 Spells                   Type           Power      Damage    Failure   Level
 Anguish                  Hex/Necr       0%         N/A       100%        4
 Cause Fear               Hex            0%         N/A       100%        4
 Enfeeble                 Hex            0%         N/A       100%        7


Dungeon Overview and Level Annotations

Branches:
Dungeon (2/15)

Altars:


Message History

You hit the kobold but do no damage.
The kobold is moderately wounded.
The kobold barely misses you.
You closely miss the kobold.
The kobold is moderately wounded.
The kobold barely misses you.
You hit the kobold.
You kill the kobold!
You see here a +0 short sword.
You see here a +0 short sword.
m - a scroll labelled LEC ZOIGIFOSCH A worm comes into view.
You see here a +0 mace.
Found a stone staircase leading down.
You hit the worm but do no damage. You slash the worm!
The worm is heavily wounded.
The worm bites you but does no damage.
You hit the worm.
The worm is severely wounded.
The worm bites you.
You hit the worm but do no damage.
The worm is severely wounded.
The worm bites you.
You hit the worm.
The worm is severely wounded.
You hit the worm.
The worm is almost dead.
The worm bites you!
You hit the worm but do no damage.
The worm is almost dead.
The worm bites you!
You barely miss the worm.
The worm is severely wounded.
The worm bites you.
* * * LOW HITPOINT WARNING * * *
You barely miss the worm.
The worm is severely wounded.
The worm bites you!
You die...

. . . #.# # #.# #.# #.#
##.## ##.##
>.....######...#
#.....w@.......###
#..##.####).....^####.#
# #......).....#
#.......######
###...### #...# ##†##
#.## #.#.##


You could see a worm.

Vanquished Creatures
  2 adders (D:2)
  A worm (D:1)
  5 endoplasms
  A giant cockroach (D:1)
  2 goblins (D:1)
  A hobgoblin (D:1)
  4 kobolds
  2 quokkas
  3 ball pythons (D:1)
  6 bats
  A frilled lizard (D:1)
  A rat (D:1)
29 creatures vanquished.

Notes
Turn   | Place    | Note
-------+----------+-------------------------------------------
     0 | D:1      | seaoflcl the Human Fighter began the quest for the Orb.
     0 | D:1      | Reached XP level 1. HP: 18/18 MP: 1/1
   545 | D:1      | Reached XP level 2. HP: 24/24 MP: 2/2
  1308 | D:2      | Reached XP level 3. HP: 20/29 MP: 3/3
  1655 | D:2      | Reached XP level 4. HP: 36/36 MP: 4/4
  1698 | D:2      | Slain by a worm

Illustrated notes

Levels and vault maps discovered:
D:1:      dpeg_arrival_round_b, layout_basic
D:2:      layout_loops_ring, chequers_hall_statues_wall_a

Action                     |  1- 3 |  4- 6 || total
---------------------------+-------+-------++-------
  Melee: Long sword        |    87 |    25 ||   112
 Armour: Scale mail        |    43 |     9 ||    52
  Dodge: Dodged            |    44 |     8 ||    52
  Block: Buckler           |    25 |     3 ||    28
